 Seeded DCSS version 0.30.1-9-gdf580d7c3d (webtiles) character file.

Game seed: 11633723325983345501 (custom seed)

46300 fireball365 the Severer (level 14, -2/110 HPs)
             Began as a Hill Orc Fighter on Oct 14, 2023.
             Was an Initiate of Gozag.
             Slain by a 14-headed hydra (6 damage)
             ... on level 3 of the Lair of Beasts.
             The game lasted 00:41:41 (17672 turns).

fireball365 the Severer (Hill Orc Fighter)         Turns: 17672, Time: 00:41:44

Health: -2/110     AC: 26    Str: 30    XL:     14   Next: 36%
Magic:  14/14      EV:  9    Int:  3    God:    Gozag
Gold:   3263       SH: 23    Dex: 10    Spells: 13/13 levels left

rFire   + . .        r - +2 broad axe (elec)
rCold   . . .        p - +0 tower shield
rNeg    . . .        J - +1 plate armour
rPois   .            K - +0 helmet
rElec   .            I - +2 cloak
rCorr   .            L - +1 pair of gloves
SInv    +            e - +0 pair of boots
Will    +++..        x - amulet of reflection Stlth
                     v - +6 ring of strength
HPRegen 0.38/turn    k - ring "Zavo Jae" {rF+ Will++ Int-5 SInv}
MPRegen 0.14/turn

%: reflection
@: no status effects
A: evolution 1, sturdy frame 1
a: Renounce Religion, Potion Petition, Call Merchant, Bribe Branch


You were on level 3 of the Lair of Beasts.
You worshipped Gozag.
Gozag was most pleased with you.
You visited 3 branches of the dungeon, and saw 19 of its levels.

You collected 3896 gold pieces.
You spent 531 gold pieces at shops.
You paid 102 gold pieces to Gozag.

Inventory:

Hand Weapons
 r - a +2 broad axe of electrocution (weapon)
 G - a +1 battleaxe of freezing
 O - a +0 battleaxe of draining
Missiles
 b - 4 curare-tipped darts
 h - 13 javelins
 m - 6 throwing nets (quivered)
 z - 40 poisoned darts
 T - 7 atropa-tipped darts
Armour
 e - a +0 pair of boots (worn)
 p - a +0 tower shield (worn)
 I - a +2 cloak (worn)
 J - a +1 plate armour (worn)
 K - a +0 helmet (worn)
 L - a +1 pair of gloves (worn)
Jewellery
 a - a ring of protection from cold
 k - the ring "Zavo Jae" (right hand) {rF+ Will++ Int-5 SInv}
   (You took it off a kobold on level 2 of the Dungeon)

   [ring of protection from fire]

   Int:       It affects your intelligence (-5).
   rF:        It protects you from fire.
   SInv:      It lets you see invisible.
   Will:      It greatly increases your willpower.
 v - a +6 ring of strength (left hand)
 x - an amulet of reflection (around neck)
 y - a ring of ice
 A - a +6 ring of strength
 Q - a ring of resist corrosion
 Y - a +6 ring of strength
Wands
 w - a wand of polymorph (8)
 H - a wand of charming (18)
 P - a wand of mindburst (2)
 R - a wand of digging (8)
Scrolls
 f - 3 scrolls of enchant armour
 g - 4 scrolls of teleportation
 i - 2 scrolls of fear
 j - 2 scrolls of noise
 l - 2 scrolls of fog
 s - 2 scrolls of poison
 u - 3 scrolls of silence
 B - 5 scrolls of torment
 C - 2 scrolls of enchant weapon
 D - 3 scrolls of magic mapping
 U - 3 scrolls of brand weapon
 V - a scroll of immolation
 Z - a scroll of blinking
Potions
 d - 4 potions of might
 n - 3 potions of ambrosia
 o - 4 potions of degeneration
 q - 4 potions of curing
 t - 2 potions of cancellation
 E - a potion of lignification
 F - 5 potions of haste
 M - 2 potions of resistance
 N - 2 potions of attraction
 X - 2 potions of heal wounds
Miscellaneous
 c - a box of beasts
 S - a phantom mirror
 W - a lightning rod (4/4)


   Skills:
 - Level 6.0 Fighting
 + Level 19.2 Axes
 + Level 12.7 Armour
 + Level 3.2 Dodging
 + Level 2.7 Stealth
 + Level 16.2 Shields
 + Level 1.5 Evocations


You had 13 spell levels left.
You didn't know any spells.
Your spell library contained the following spells:

 Spells                   Type           Power      Damage    Failure   Level
 Blink                    Tloc           0%         N/A       100%        2
 Ensorcelled Hibernation  Hex/Ice        0%         N/A       100%        2
 Passwall                 Tmut/Erth      0%         N/A       100%        2
 Static Discharge         Conj/Air       0%         2-2/arc   100%        2
 Dazzling Flash           Conj/Hex       0%         N/A       100%        3
 Gell's Gravitas          Tloc           0%         N/A       100%        3
 Hailstorm                Conj/Ice       0%         3d3       100%        3
 Swiftness                Air            0%         N/A       100%        3
 Teleport Other           Tloc           0%         N/A       100%        3
 Vhi's Electric Charge    Tloc/Air       0%         N/A       100%        3
 Airstrike                Air            0%         2d(0-16)  100%        4
 Cause Fear               Hex            0%         N/A       100%        4
 Ice Form                 Ice/Tmut       0%         N/A       100%        4
 Manifold Assault         Tloc           0%         N/A       100%        4
 Olgreb's Toxic Radiance  Pois           0%         N/A       100%        4
 Summon Ice Beast         Ice/Summ       0%         N/A       100%        4
 Summon Lightning Spire   Summ/Air       0%         N/A       100%        4
 Agony                    Necr           0%         N/A       100%        5
 Arcjolt                  Conj/Air       0%         1d10      100%        5
 Blade Hands              Tmut           0%         N/A       100%        5
 Irradiate                Conj/Tmut      0%         3d11      100%        5
 Silence                  Hex/Air        0%         N/A       100%        5
 Summon Mana Viper        Hex/Summ       0%         N/A       100%        5
 Dispersal                Tloc           0%         N/A       100%        6
 Dragon Form              Tmut           0%         N/A       100%        7
 Monstrous Menagerie      Summ           0%         N/A       100%        7
 Storm Form               Tmut/Air       0%         N/A       100%        7
 Discord                  Hex            0%         N/A       100%        8
 Ignition                 Fire           0%         3d3       100%        8
 Maxwell's Capacitive Co  Air            0%         ∞         100%        8
 Dragon's Call            Summ           0%         N/A       100%        9
 Simulacrum               Ice/Necr       Unusable   N/A       N/A         6

Dungeon Overview and Level Annotations

Branches:
Dungeon (15/15)            Temple (1/1) D:4            Lair (3/5) D:10
  Swamp (0/4) Lair:2       Spider (0/4) Lair:2          Orc (0/2) D:11
 Vaults (0/5) D:13         Depths (0/4) D:15

Altars:
Ashenzari
Cheibriados
Dithmenos
Elyvilon
Fedhas
Gozag
Hepliaklqana
Kikubaaqudgha
Makhleb
Nemelex Xobeh
Okawaru
Qazlal
Ru
Sif Muna
Trog
Uskayaw
Vehumet
Wu Jian
Xom
Yredelemnul
Zin
The Shining One

Shops:
D:9 [


Innate Abilities, Weirdness & Mutations

You have hidden genetic potential.
Your movements are slightly less encumbered by armour. (ER -2)


Message History

The ten-headed hydra grows two more!
You slash the 12-headed hydra!
The 12-headed hydra is lightly wounded.
You block the 12-headed hydra's attack. x4
The 12-headed hydra bites you but does no damage. x3
The 12-headed hydra bites you.
The 12-headed hydra bites you but does no damage.
You block the 12-headed hydra's attack.
The 12-headed hydra bites you but does no damage. x2
You chop one of the 12-headed hydra's heads off!
The 11-headed hydra grows two more!
You slash the 13-headed hydra!
The 13-headed hydra is moderately wounded.
You block the 13-headed hydra's attack. The 13-headed hydra bites you.
* * * LOW HITPOINT WARNING * * *
The 13-headed hydra bites you but does no damage.
You block the 13-headed hydra's attack. x2
The 13-headed hydra bites you but does no damage.
You block the 13-headed hydra's attack.
The 13-headed hydra bites you but does no damage. x2
The 13-headed hydra bites you.
* * * LOW HITPOINT WARNING * * *
You block the 13-headed hydra's attack.
The 13-headed hydra bites you but does no damage. x2
You hack one of the 13-headed hydra's heads off!
The 12-headed hydra grows two more!
You slash the 14-headed hydra!
The 14-headed hydra is lightly wounded.
You barely miss the 14-headed hydra.
The 14-headed hydra is lightly wounded.
You block the 14-headed hydra's attack.
The 14-headed hydra bites you but does no damage. x2
The 14-headed hydra bites you.
* * * LOW HITPOINT WARNING * * *
You block the 14-headed hydra's attack. x2; The 14-headed hydra bites you!
* * * LOW HITPOINT WARNING * * *
The 14-headed hydra bites you!
* * * LOW HITPOINT WARNING * * *
The 14-headed hydra misses you.
The 14-headed hydra bites you but does no damage.
The 14-headed hydra bites you.
You die...
Your body crumbles into a pile of gold.

#### ## .#...## #. # .......#.
.# ## #....##$# ...# ##.
##..@..#...#.. #...
#...D.###..... ..###..
###......#....#
........##.$..........##
.....>...#.........#...#######
....................#.......P##
..............................#
............/.............#...#
...#.!.........#.........##....


You could see a 14-headed hydra.

Vanquished Creatures
  Gastronok (Lair:2)
  Josephine (D:11)
  A yaktaur captain (D:13)
  2 hydras
  Fannar (Lair:3)
  3 centaur warriors
  Harold (D:10)
  A catoblepas (D:13)
  Erica (D:9)
  A boulder beetle (Lair:1)
  2 two-headed ogres
  3 death yaks (D:9)
  2 tengu warriors
  A glowing orange brain (D:15)
  A bog body (Lair:2)
  A wizard (D:15)
  A harpy (shapeshifter) (D:14)
  A mana viper (shapeshifter) (D:15)
  3 deep elf pyromancers
  13 ugly things
  6 cyclopes
  A black mamba (shapeshifter) (D:15)
  5 elephants (Lair:1)
  8 manticores
  A black mamba (Lair:2)
  A cane toad (shapeshifter) (D:14)
  2 cane toads
  A gargoyle (D:12)
  Psyche (D:8)
  2 yaktaurs (D:13)
  2 komodo dragons
  A kobold demonologist (D:13)
  A tengu conjurer (D:13)
  4 meliai
  A hornet (D:8)
  2 polar bears
  A hornet (shapeshifter) (D:13)
  6 slime creatures
  7 wraiths
  4 shadows
  Grum (D:10)
  6 wyverns
  2 vampires
  17 yaks
  A steam dragon (D:8)
  2 basilisks
  3 water moccasins
  2 acid dragons
  A sky beast (D:6)
  4 orc warriors
  2 black bears
  3 ice beasts
  An ogre (D:7)
  6 wolves
  A centaur (D:7)
  7 kobold brigands
  5 phantoms
  5 bullfrogs
  3 gnoll sergeants
  3 scorpions
  4 wights
  18 killer bees
  4 howler monkeys
  A centaur zombie (D:4)
  A bullfrog skeleton (D:4)
  Crazy Yiuf (D:7)
  3 orc priests
  2 hounds
  2 jellies
  A gnoll bouda (D:9)
  2 hell rats
  An iguana (D:7)
  3 scorpion zombies (D:4)
  2 sleepcaps
  6 orc wizards
  A hound zombie (D:4)
  A hound skeleton (D:4)
  2 howler monkey zombies (D:4)
  19 gnolls
  10 adders
  3 shadow imps (D:8)
  3 white imps
  An ufetubus (D:8)
  3 adder zombies (D:4)
  3 adder skeletons (D:4)
  3 worms
  A dart slug (D:1)
  23 orcs
  9 endoplasms
  4 giant cockroaches
  12 hobgoblins
  10 jackals
  4 quokkas
  10 ball pythons
  3 bats
  3 frilled lizards
  7 goblins
  34 kobolds
  7 rats
400 creatures vanquished.

Vanquished Creatures (collateral kills)
  An ugly thing (D:14)
1 creature vanquished.

Vanquished Creatures (others)
  A hydra (D:14)
  A kobold (D:9)
2 creatures vanquished.

Grand Total: 403 creatures vanquished

Notes
Turn   | Place    | Note
-------+----------+-------------------------------------------
     0 | D:1      | fireball365 the Hill Orc Fighter began the quest for the
                  | Orb.
     0 | D:1      | Reached XP level 1. HP: 19/19 MP: 1/1
   150 | D:1      | Reached XP level 2. HP: 27/27 MP: 2/2
   311 | D:1      | Reached skill level 3 in Axes
   353 | D:1      | Reached XP level 3. HP: 33/33 MP: 3/3
   986 | D:2      | Reached XP level 4. HP: 40/40 MP: 4/4
  1225 | D:2      | Identified the ring "Zavo Jae" {rF+ Will++ Int-5 SInv}
  1379 | D:2      | Reached skill level 4 in Axes
  1743 | D:3      | Reached XP level 5. HP: 22/46 MP: 5/5
  2492 | D:4      | Reached skill level 5 in Axes
  2544 | D:4      | Noticed a phantom
  2557 | D:4      | Killed a phantom
  2558 | D:4      | Reached skill level 1 in Dodging
  2558 | D:4      | Reached XP level 6. HP: 47/53 MP: 6/6
  2559 | D:4      | Reached skill level 6 in Axes
  2629 | D:4      | Reached skill level 5 in Armour
  2704 | D:4      | Found a shimmering altar of Xom.
  2705 | D:4      | Found a shimmering altar of Xom.
  2706 | D:4      | Found a shimmering altar of Xom.
  2706 | D:4      | Found a shimmering altar of Xom.
  2719 | D:4      | Found a staircase to the Ecumenical Temple.
  2734 | Temple   | Entered the Ecumenical Temple
  2787 | Temple   | Became a worshipper of Gozag Ym Sagoz the Greedy
  2837 | D:4      | Found a shimmering altar of Xom.
  2840 | D:4      | Found a shimmering altar of Xom.
  2840 | D:4      | Found a shimmering altar of Xom.
  2904 | D:4      | Found a shimmering blue altar of Sif Muna.
  3153 | D:4      | Reached XP level 7. HP: 36/60 MP: 7/7
  3174 | D:4      | Reached skill level 7 in Axes
  3642 | D:5      | Entered Level 5 of the Dungeon
  3749 | D:5      | Reached skill level 5 in Fighting
  3947 | D:5      | Reached XP level 8. HP: 68/68 MP: 8/8
  4190 | D:5      | Reached skill level 5 in Shields
  4218 | D:5      | Found an iron altar of Okawaru.
  4317 | D:5      | Identified a scroll of acquirement
  4317 | D:5      | Acquired a +2 broad axe of electrocution
  4425 | D:6      | Reached skill level 8 in Axes
  4541 | D:6      | Found a glowing golden altar of the Shining One.
  4812 | D:6      | Reached skill level 9 in Axes
  5064 | D:7      | Reached XP level 9. HP: 65/75 MP: 9/9
  5076 | D:7      | Reached skill level 1 in Stealth
  5266 | D:7      | Reached skill level 10 in Axes
  5537 | D:7      | Found an ancient bone altar of Kikubaaqudgha.
  5559 | D:7      | Found a runed translucent door.
  5560 | D:7      | Noticed Crazy Yiuf
  5645 | D:7      | Killed Crazy Yiuf
  5806 | D:8      | Reached skill level 11 in Axes
  5813 | D:8      | Reached XP level 10. HP: 56/83 MP: 10/10
  5817 | D:8      | Reached skill level 12 in Axes
  5828 | D:8      | Found a hide-covered altar of Uskayaw.
  5995 | D:8      | Found a large runed translucent door.
  5996 | D:8      | Found a large runed translucent door.
  6136 | D:8      | Noticed a cyclops
  6150 | D:8      | Killed a cyclops
  6151 | D:8      | Reached skill level 13 in Axes
  6186 | D:8      | Noticed a four-headed hydra
  6186 | D:8      | Noticed a white ugly thing
  6193 | D:8      | Found a large runed translucent door.
  6193 | D:8      | Found a large runed translucent door.
  6261 | D:8      | Paralysed by a hornet for 3 turns
  6391 | D:8      | Found an ornate altar of the Wu Jian Council.
  6489 | D:8      | Noticed Psyche
  6509 | D:8      | Killed Psyche
  6729 | D:8      | Found a white marble altar of Elyvilon.
  7150 | D:9      | Reached skill level 14 in Axes
  7270 | D:9      | Noticed Erica
  7278 | D:9      | Killed Erica
  7279 | D:9      | Reached skill level 10 in Shields
  7279 | D:9      | Reached XP level 11. HP: 61/89 MP: 11/11
  7392 | D:9      | Found Jaatu's Armour Shop.
  7431 | D:9      | Found a snail-covered altar of Cheibriados.
  7472 | D:9      | Bought the +3 chain mail "Ryecuon" {Str-2 Int+5} for 393
                  | gold pieces
  7472 | D:9      | Bought a +1 pair of gloves for 138 gold pieces
  7557 | D:9      | Found a blossoming altar of Fedhas.
  8106 | D:10     | Entered Level 10 of the Dungeon
  8132 | D:10     | Noticed a death yak
  8228 | D:9      | Killed a death yak
  8395 | D:10     | Noticed a death yak
  8397 | D:10     | Noticed a death yak
  8414 | D:9      | Killed a death yak
  8415 | D:9      | Reached skill level 15 in Axes
  8428 | D:9      | Killed a death yak
  8492 | D:10     | Noticed Grum
  8494 | D:10     | Found a staircase to the Lair.
  8635 | D:10     | Killed Grum
  8790 | D:10     | Found a bloodstained altar of Trog.
  8813 | D:10     | Noticed Harold
  8833 | D:10     | Killed Harold
  8972 | D:10     | Found a shadowy altar of Dithmenos.
  9009 | D:10     | Found a radiant altar of Vehumet.
  9230 | D:11     | Noticed Josephine
  9246 | D:11     | Noticed a manticore
  9247 | D:11     | Noticed a two-headed ogre
  9403 | D:11     | Killed a two-headed ogre
  9404 | D:11     | Reached skill level 16 in Axes
  9404 | D:11     | Reached XP level 12. HP: 48/96 MP: 12/12
  9446 | D:11     | Killed Josephine
  9706 | D:11     | Found a staircase to the Orcish Mines.
 10738 | D:12     | Reached skill level 10 in Armour
 10846 | D:12     | Noticed a two-headed ogre
 10856 | D:12     | Killed a two-headed ogre
 11143 | D:12     | Gained mutation: You are occasionally teleported next to
                  | monsters. [potion of mutation]
 11144 | D:12     | Lost mutation: You are occasionally teleported next to
                  | monsters. [potion of mutation]
 11144 | D:12     | Gained mutation: You occasionally shout uncontrollably at
                  | your foes. [potion of mutation]
 11144 | D:12     | Gained mutation: You have very sharp teeth. [potion of
                  | mutation]
 11190 | D:13     | Noticed a catoblepas
 11198 | D:13     | Killed a catoblepas
 11199 | D:13     | Reached skill level 17 in Axes
 11468 | D:13     | Noticed a yaktaur captain
 11470 | D:13     | Found a gate to the Vaults.
 11472 | D:13     | Killed a yaktaur captain
 11985 | D:13     | Noticed a tengu warrior
 12010 | D:13     | Killed a tengu warrior
 12088 | D:13     | Noticed a centaur warrior
 12093 | D:13     | Killed a centaur warrior
 12290 | D:14     | Reached XP level 13. HP: 102/102 MP: 13/13
 12622 | D:14     | Reached skill level 1 in Evocations
 12710 | D:14     | Reached skill level 18 in Axes
 13370 | D:15     | Entered Level 15 of the Dungeon
 13980 | D:15     | Reached skill level 15 in Shields
 14026 | D:15     | Found a staircase to the Depths.
 15794 | Lair:1   | Entered Level 1 of the Lair of Beasts
 15953 | Lair:1   | Reached XP level 14. HP: 110/110 MP: 14/14
 16529 | Lair:2   | Found a hole to the Spider Nest.
 16664 | Lair:2   | Reached skill level 19 in Axes
 16666 | Lair:2   | Found a staircase to the Swamp.
 17031 | Lair:2   | Lost mutation: You occasionally shout uncontrollably at
                  | your foes. [potion of mutation]
 17031 | Lair:2   | Lost mutation: You have very sharp teeth. [potion of
                  | mutation]
 17031 | Lair:2   | Gained mutation: You have hidden genetic potential. [potion
                  | of mutation]
 17031 | Lair:2   | Gained mutation: Your movements are slightly less
                  | encumbered by armour. (ER -2) [potion of mutation]
 17072 | Lair:2   | Noticed Gastronok
 17092 | Lair:2   | Killed Gastronok
 17546 | Lair:3   | Noticed Fannar
 17576 | Lair:3   | Killed Fannar
 17672 | Lair:3   | HP: 4/110 [14-headed hydra (12)]
 17672 | Lair:3   | Slain by a 14-headed hydra

Illustrated notes

Levels and vault maps discovered:
D:1:      heliophobic_arrival_glass_houses, layout_basic,
          hangedman_abyss_or_decor_stabs, minmay_box_of_dots
D:2:      layout_basic
D:3:      layout_basic
D:4:      layout_basic, led_sif_pool, nicolae_xom_altar_mimics,
          minmay_temple_entry_poolview, serial_undead, serial_undead_a,
          serial_undead_f, serial_undead_e, serial_undead_d, serial_undead_d,
          serial_undead_f, grunt_ministairs_6, minmay_pentomino_pile
D:5:      layout_loops_ring, hellmonk_okawaru_the_only_friend_you_need
D:6:      layout_basic, mainiacjoe_overflow_paths
D:7:      layout_basic, nicolae_kikubaaqudgha_miasma_corner,
          kennysheep_nondescript, minivault_19, uniq_crazy_yiuf_cottage
D:8:      layout_rooms, mainiacjoe_overflow_alcove_4, amcnicky_altar_gilded,
          eat_drink_and_be_merry_uskayaw, serial_demonic, serial_demonic_g,
          serial_demonic_e, serial_demonic_a, serial_demonic_g,
          reono_crystal_passage, minmay_hollow_rounded_squares, uniq_psyche
D:9:      layout_roguey, old_standard_altar, fedhas_altar_1, serial_shops, shop,
          uniq_erica
D:10:     layout_cave_pools, mainiacjoe_overflow_alcove_2,
          grunt_dithmenos_shadows, mainiacjoe_overflow_chevrons,
          dpeg_lair_monsters, uniq_grum, uniq_harold
D:11:     layout_long_grid, orc_0_dummy, uniq_josephine
D:12:     layout_irregular_city
D:13:     layout_stronghold, david_vaults_2
D:14:     layout_long_grid, serial_park_tiny_pond
D:15:     gammafunk_enter_depths_forms, layout_rooms, minmay_misc_feat_square,
          corexii_corridor_pit
Temple:   jpeg_temple_island
Lair:1:   layout_gridlike, nzn_sisyphean_effort
Lair:2:   layout_gridlike, skrybe_swamp_entry_bodies,
          hellmonk_spider_entry_not_the_bees, uniq_gastronok
Lair:3:   layout_cave_shapes, cheibrodos_lair_reptile_den, uniq_snorg,
          uniq_fannar

Skill      XL: |  1  2  3  4  5  6  7  8  9 10 11 12 13 14 |
---------------+-------------------------------------------+-----
Axes           | 3 4 5 6 7 9 11 14 16 17 18 19 | 19.2
Fighting       | 4 5 6 |  6.0
Armour         | 4 5 6 7 8 9 10 12 | 12.7
Dodging        | 1 2 3 |  3.2
Shields        | 4 6 8 10 11 13 15 16 | 16.2
Stealth        | 1 2 |  2.7
Evocations     | 1 |  1.5

Action                     |  1- 3 |  4- 6 |  7- 9 | 10-12 | 13-15 || total
---------------------------+-------+-------+-------+-------+-------++-------
  Melee: War axe           |    88 |   203 |    82 |       |       ||   373
         Broad axe         |       |       |   118 |   450 |   389 ||   957
         Bite              |       |       |       |     7 |    49 ||    56
  Evoke: Wand              |       |       |       |     1 |     7 ||     8
    Use: Scroll            |       |     2 |    10 |     9 |     8 ||    29
         Potion            |       |       |     1 |     2 |    10 ||    13
   Stab: Distracted        |       |     1 |     2 |     1 |       ||     4
 Armour: Scale mail        |    50 |   183 |    53 |       |       ||   286
         Chain mail        |       |       |    24 |    27 |       ||    51
         Plate armour      |       |       |       |   165 |   208 ||   373
  Dodge: Dodged            |    55 |   113 |    46 |    88 |    99 ||   401
  Block: Buckler           |    20 |    27 |       |       |       ||    47
         Tower shield      |       |    96 |   192 |   537 |   422 ||  1247
         Reflection        |       |       |     6 |    39 |    15 ||    60
